 Dungeon Crawl Stone Soup version 0.29-a0-676-ga64570c9d2 (webtiles) character file.

Game seed: 4551393139095588138

2699 Armakuni the Cruncher (level 10, -3/72 (81) HPs)
             Began as a Meteoran Artificer on June 24, 2022.
             Was a Follower of Elyvilon.
             Slain by a spriggan
             ... wielding a +0 trident
              (16 damage)
             ... in a bailey.
             The game lasted 00:18:02 (5261 turns).

Armakuni the Cruncher (Meteoran Artificer)          Turns: 5261, Time: 00:18:02

HP:   -3/72 (81)    AC:  6    Str: 14    XL:     10   Next: 17%
MP:   12/12         EV: 13    Int: 16    God:    Elyvilon [*.....]
Gold: 509           SH:  0    Dex: 16    Spells: 9/9 levels left

rFire   + . .      SeeInvis .   a - +2 quarterstaff
rCold   + . .      Faith    .   (shield currently unavailable)
rNeg    . . .      Spirit   .   M - +2 leather armour {rPois}
rPois   +          Reflect  .   (no helmet)
rElec   +          Harm     .   (no cloak)
rCorr   +          Rampage  .   d - +0 pair of gloves
Will    +....                   (no boots)
Stlth   +.........              R - amulet of regeneration
HPRegen 1.02/turn               L - ring of flight
MPRegen 0.13/turn               K - ring of resist corrosion

@: resistant, flying, glowing, heavily drained
A: sense surroundings 2, otherworldly, glowing, explore regen
a: Renounce Religion, Purification


You were in a bailey.
You worshipped Elyvilon.
Elyvilon was aware of your devotion.
You visited 2 branches of the dungeon, and saw 9 of its levels.
You also visited: Ossuary and Bailey.

You collected 509 gold pieces.

Inventory:

Hand Weapons
 a - a +2 quarterstaff (weapon)
Armour
 d - a +0 pair of gloves (worn)
 h - a +0 buckler
 M - a +2 leather armour of poison resistance (worn)
Jewellery
 F - a ring of fire
 K - a ring of resist corrosion (right hand)
 L - a ring of flight (left hand)
 R - an amulet of regeneration (around neck)
 U - an amulet of faith
Wands
 c - a wand of charming (1)
 j - a wand of iceblast (3)
 l - a wand of light (4)
 m - a wand of mindburst (22)
 p - a wand of polymorph (4)
 v - a wand of flame (5) (quivered)
Scrolls
 b - 2 scrolls of amnesia
 f - 3 scrolls of noise
 i - 2 scrolls of blinking
 k - a scroll of magic mapping
 A - 2 scrolls of vulnerability
 B - 2 scrolls of fear
 G - a scroll of poison
 I - a scroll of silence
 J - a scroll of teleportation
Potions
 n - a potion of ambrosia
 o - a potion of berserk rage
 q - a potion of flight {unknown}
 r - 2 potions of magic {unknown}
 t - 2 potions of cancellation
 u - a potion of haste
 w - a potion of invisibility {unknown}
 x - 2 potions of attraction {unknown}
 z - 2 potions of curing {unknown}
 C - a potion of mutation {unknown}
 D - 4 potions of heal wounds {unknown}
 E - a potion of lignification {unknown}
 H - a potion of brilliance {unknown}


   Skills:
 - Level 5.0 Fighting
 - Level 1.0(8.4) Maces & Flails
 - Level 12.0 Staves
 - Level 5.0 Armour
 + Level 4.7 Dodging
 - Level 0.6 Stealth
 - Level 2.0 Invocations
 - Level 5.0 Evocations


You had 9 spell levels left.
You didn't know any spells.
Your spell library contained the following spells:

 Spells                   Type           Power      Damage    Failure   Level
 Apportation              Tloc           0%         N/A       30%         1
 Magic Dart               Conj           0%         1d3       30%         1
 Shock                    Conj/Air       0%         1d3       30%         1
 Blink                    Tloc           0%         N/A       43%         2
 Call Imp                 Summ           0%         N/A       43%         2
 Lesser Beckoning         Tloc           0%         N/A       67%         3
 Mephitic Cloud           Conj/Pois/Air  0%         N/A       67%         3
 Swiftness                Air            0%         N/A       67%         3
 Airstrike                Air            0%         N/A       97%         4
 Alistair's Intoxication  Tmut/Pois      0%         N/A       100%        5
 Manifold Assault         Tloc           0%         N/A       100%        5


Dungeon Overview and Level Annotations

Branches:
Dungeon (8/15) Zot: 579    Temple (1/1) D:7 Zot: 533 Ossuary (visited)
 Bailey (1/1) Zot: 487
   Lair: D:8-11

Altars:
Ashenzari
Cheibriados
Dithmenos
Elyvilon
Fedhas
Hepliaklqana
Kikubaaqudgha
Nemelex Xobeh
Okawaru
Qazlal
Ru
Sif Muna
Trog
Uskayaw
Vehumet
Wu Jian
Yredelemnul
Zin
The Shining One

Shops:
D:7 *

Annotations:
D:3 3 runed translucent doors, MoonlitKnight's ghost, amateur HOFi


Innate Abilities, Weirdness & Mutations

You passively map the area around you.
You are easily found by Zot.
You glow in the dark.
You regain HP and MP as you explore.


Message History

You hear a shout!
Okay, then.
You hear a shout!
The spriggan drinks a potion.
The spriggan seems to speed up.
Aiming: Charm
Press: ? - help, Shift-Dir - straight line, f - spriggan
Aim: a spriggan, wielding a +5 flail of draining (moderately wounded, chance to affect: 27%)
The spriggan is charmed.
The two-headed ogre hits you from afar with a +0 halberd!!
The two-headed ogre hits you from afar with a +0 bardiche!
* * * LOW HITPOINT WARNING * * *
Okay, then.
The spriggan misses your spriggan.
Okay, then.
Okay, then.
It was a potion of resistance.
You feel protected.
The spriggan hits you from afar with a +0 trident!
* * * LOW HITPOINT WARNING * * *
A spriggan comes into view. It is wielding a +0 spear.
The spriggan hits your spriggan with a +0 trident!
It was a potion of ambrosia.
You are confused.
You feel invigorated. The spriggan barely misses you.
The spriggan closely misses you.
Are you sure you want to stumble around while confused and next to your ally the spriggan?
This could place you under penance! [Y]es or [N]o only, please.
Are you sure you want to stumble around while confused and next to your ally the spriggan?
This could place you under penance!
Okay, then.
The spriggan closely misses you.
The spriggan hits you from afar with a +0 trident!
* * * LOW HITPOINT WARNING * * *
The spriggan hits you from afar with a +0 trident!
* * * LOW HITPOINT WARNING * * *
The spriggan closely misses you.
You feel less invigorated.
You feel less confused. The spriggan closely misses you.
The spriggan hits you from afar with a +0 trident!
You die...

##..####♣##).##
##..## , ##).##
##..## , .##..##
#..♣# , * ..#♣..#
#).# , ♣..#..# #..#
, , ♣..#..# #..♣,,
≈ #..#..# #..#O * ,
,#..#..# #..#..
♣♣@.#..#
#..##..♣♣♣♣♣i.#♣..#
##..♣#....ii.♣#..##
##..####O####..#
##....≈≈≈....#
##.........##
##.......##
#########


You could see a two-headed ogre, 2 spriggans and a friendly spriggan (charmed).

Vanquished Creatures
  Prince Ribbit (D:6)
  A yak (D:8)
  A steam dragon (D:6)
  Menkaure (D:7)
  Duvessa (D:7)
  A water moccasin (D:8)
  An ice beast (D:5)
  2 orc warriors (D:6)
  4 ogres (Bailey)
  An elf zombie (Ossuary)
  2 necrophages
  A bullfrog (D:7)
  A scorpion (D:4)
  Dowan (D:7)
  A killer bee (D:6)
  2 howler monkeys (D:8)
  2 hounds (D:4)
  An orc priest (D:4)
  2 human zombies (Ossuary)
  An iguana (D:5)
  4 orc wizards
  4 mummies (Ossuary)
  4 adders
  A shadow imp (D:5)
  2 white imps
  2 adder zombies (Ossuary)
  A worm (D:2)
  A dart slug (D:3)
  14 orcs
  8 ball pythons
  6 endoplasms
  A giant cockroach (D:2)
  10 goblins
  6 hobgoblins
  9 jackals (D:2)
  6 kobolds
  2 quokkas
  6 bats
  6 frilled lizards
  A goblin zombie (Ossuary)
  A hobgoblin zombie (Ossuary)
  3 jackal zombies (Ossuary)
  A kobold zombie (Ossuary)
  An orc zombie (Ossuary)
  6 rats
134 creatures vanquished.

Vanquished Creatures (collateral kills)
  2 yaks (D:8)
  A phantom (D:6)
3 creatures vanquished.

Vanquished Creatures (others)
  A steam dragon (Bailey)
  4 killer bees
  A jelly (D:7)
  An endoplasm (D:3)
7 creatures vanquished.

Grand Total: 144 creatures vanquished

Notes
Turn   | Place    | Note
-------+----------+-------------------------------------------
     0 | D:1      | Armakuni the Meteoran Artificer began the quest for the
                  | Orb.
     0 | D:1      | Reached XP level 1. HP: 16/16 MP: 2/2
    90 | D:1      | Reached skill level 1 in Maces & Flails
    90 | D:1      | Reached XP level 2. HP: 9/23 MP: 3/3
   426 | D:1      | Reached XP level 3. HP: 25/30 MP: 4/4
   492 | D:1      | Glimpsed the power of Zot.
   542 | D:1      | Glimpsed the power of Zot.
   582 | D:1      | Glimpsed the power of Zot.
   591 | D:1      | Glimpsed the power of Zot.
   592 | D:1      | Touched by the power of Zot.
   599 | D:1      | Reached skill level 1 in Staves
   692 | D:1      | Glimpsed the power of Zot.
   953 | D:2      | Reached XP level 4. HP: 25/30 MP: 5/5
   976 | D:2      | Reached skill level 2 in Staves
  1366 | D:2      | Reached skill level 3 in Staves
  1642 | D:3      | Found a runed translucent gate.
  1643 | D:3      | Found a runed translucent gate.
  1644 | D:3      | Found a runed translucent gate.
  1644 | D:3      | Noticed MoonlitKnight's ghost (amateur HOFi)
  2069 | D:4      | Reached skill level 4 in Staves
  2069 | D:4      | Reached XP level 5. HP: 24/42 MP: 6/6
  2086 | D:5      | Entered Level 5 of the Dungeon
  2394 | D:4      | Reached XP level 6. HP: 37/51 MP: 7/7
  2559 | D:4      | Found a radiant altar of Vehumet.
  2657 | D:4      | Reached skill level 5 in Staves
  2758 | D:4      | Found an iron altar of Okawaru.
  2980 | D:4      | Reached skill level 6 in Staves
  3072 | D:4      | Glimpsed the power of Zot.
  3460 | D:5      | You are sucked into a shaft and drop 1 floor!
  3593 | D:6      | Found a sand-covered staircase.
  3601 | Ossuary  | Entered an ossuary
  3624 | Ossuary  | Reached XP level 7. HP: 41/57 MP: 8/8
  3658 | Ossuary  | Reached skill level 7 in Staves
  3971 | D:6      | Reached skill level 8 in Staves
  4037 | D:6      | Noticed a steam dragon
  4043 | D:6      | Reached XP level 8. HP: 63/63 MP: 9/9
  4051 | D:6      | Killed a steam dragon
  4052 | D:6      | Reached skill level 9 in Staves
  4450 | D:5      | Reached skill level 10 in Staves
  4544 | D:5      | Glimpsed the power of Zot.
  4584 | D:7      | Found Vyfatt's Gadget Gallery.
  4588 | D:7      | Noticed Prince Ribbit
  4594 | D:7      | Glimpsed the power of Zot.
  4627 | D:6      | Reached skill level 11 in Staves
  4627 | D:6      | Gained mutation: You passively map the area around you.
                  | [Meteoran growth]
  4627 | D:6      | Reached XP level 9. HP: 21/69 MP: 10/10
  4631 | D:6      | Killed Prince Ribbit
  4636 | D:6      | Glimpsed the power of Zot.
  4645 | D:6      | Glimpsed the power of Zot.
  4646 | D:6      | Touched by the power of Zot.
  4682 | D:7      | Reached skill level 12 in Staves
  4753 | D:7      | Glimpsed the power of Zot.
  4803 | D:7      | Glimpsed the power of Zot.
  4808 | D:7      | Found a staircase to the Ecumenical Temple.
  4815 | Temple   | Entered the Ecumenical Temple
  4852 | Temple   | Became a worshipper of Elyvilon the Healer
  4909 | D:7      | Glimpsed the power of Zot.
  4918 | D:7      | Glimpsed the power of Zot.
  4919 | D:7      | Touched by the power of Zot.
  4964 | D:7      | Noticed Menkaure
  4971 | D:7      | Killed Menkaure
  4978 | D:7      | Noticed Duvessa
  4978 | D:7      | Noticed Dowan
  4992 | D:7      | Killed Duvessa
  4993 | D:7      | Reached skill level 5 in Fighting
  4993 | D:7      | Killed Dowan
  4994 | D:7      | Reached skill level 1 in Invocations
  5095 | D:8      | Found a flagged portal.
  5106 | D:8      | Reached skill level 5 in Evocations
  5143 | D:8      | Reached XP level 10. HP: 59/81 MP: 12/12
  5147 | Bailey   | Entered a bailey
  5147 | Bailey   | Reached * piety under Elyvilon
  5231 | Bailey   | Reached skill level 5 in Armour
  5246 | Bailey   | Noticed a two-headed ogre
  5250 | Bailey   | Identified the +5 acid dragon scales of Light {+Blink rCorr
                  | Str+4 Dex-3}
  5261 | Bailey   | Slain by a spriggan

Illustrated notes

Levels and vault maps discovered:
D:1:      lemuel_arrival_funnel, layout_rooms, st_stairs_6
D:2:      layout_loops_ring, minmay_pentomino_r2
D:3:      layout_basic, gammafunk_ghost_split, lemuel_flame_loot_1
D:4:      layout_loops_corners, kennysheep_okawaru_gauntlet, kennysheep_mini,
          kennysheep_cross_room, minmay_statues_item,
          amcnicky_mini_rare_corridor_liquid
D:5:      layout_basic, hex_medium, minmay_fire_ice_demons, uniq_ijyb
D:6:      layout_basic, enter_ossuary_1
D:7:      layout_cave_pools, minmay_temple_entry_trees, nicolae_shop_gadgets,
          uniq_menkaure, uniq_duvessa, uniq_prince_ribbit1
D:8:      layout_cave_pools, chequers_temple_overflow_statue_of_worship,
          enter_bailey_2
Temple:   minmay_temple_bridge_d
Bailey:   bailey_polearm_enchanted_keep_hellmonk, bailey

Skill      XL: |  1  2  3  4  5  6  7  8  9 10 |
---------------+-------------------------------+-----
Maces & Flails | 1 |  1.0
Fighting       | 2 3 5 |  5.0
Staves         | 1 4 6 8 11 12 | 12.0
Invocations    | 2 |  2.0
Evocations     | 5 |  5.0
Armour         | 4 5 |  5.0
Dodging        | 3 4 |  4.7
Stealth        | |  0.6

Action                   |  1- 3 |  4- 6 |  7- 9 | 10-12 || total
-------------------------+-------+-------+-------+-------++-------
Melee: Club              |    19 |       |       |       ||    19
       Short sword       |    54 |    20 |       |       ||    74
       Punch             |     1 |       |       |       ||     1
       Quarterstaff      |       |   153 |   206 |     6 ||   365
Evoke: Wand              |     2 |     2 |    25 |     7 ||    36
  Use: Scroll            |     1 |    16 |     3 |       ||    20
       Potion            |       |       |       |     2 ||     2
 Stab: Betrayed ally     |       |       |     1 |       ||     1
Armor: Leather armour    |    31 |    59 |     5 |       ||    95
       Ring mail         |       |    59 |   113 |       ||   172
Dodge: Dodged            |    56 |   143 |    94 |     7 ||   300

Table legend: (Time is in decaauts)
 A = Elapsed time spent in this place.
 B = Non-inter-level travel time spent in this place.
 C = Inter-level travel time spent in this place.
 D = Time resting spent in this place.
 E = Time spent auto-exploring this place.
 F = Levels seen in this place.
 G = Mean time per level.
                   A        B        C        D        E       F      G
               +--------+--------+--------+--------+--------+-----+--------+
         Total |   5258 |   5049 |    209 |    443 |   2875 |  11 |  478.0 |
       Dungeon |   4822 |   4631 |    191 |    381 |   2735 |   8 |  602.8 |
        Temple |     66 |     48 |     18 |      0 |     28 |   1 |   66.0 |
       Ossuary |    257 |    257 |      0 |     28 |     88 |   1 |  257.0 |
        Bailey |    111 |    111 |      0 |     34 |     24 |   1 |  111.0 |
               +--------+--------+--------+--------+--------+-----+--------+

Top non-repeatable levels by time:
     D:4: 1077 daAuts
     D:1: 761 daAuts
     D:2: 748 daAuts
     D:6: 713 daAuts
     D:3: 702 daAuts
     D:5: 392 daAuts
     D:7: 358 daAuts
 Ossuary: 257 daAuts
  Bailey: 111 daAuts
     D:8: 68 daAuts
  Temple: 66 daAuts
